TOP OF THE 1ST |
Beaverton Bronze Souls batting - Pitching for Nashua Redlegs : RHP Ronnie Jefferson
|
Pitching: RHP Ronnie Jefferson
|
|
Batting: RHB Rubén Ramírez
|
0-0: Ground out 1-3 (Groundball, 15S)
|
Batting: RHB Ed Nygaard
|
0-0: Ball 1-0: Ball 2-0: Ball 3-0: Swinging Strike 3-1: Called Strike 3-2: Strikes out swinging
|
Batting: LHB Balduíno Bruschy
|
0-0: Swinging Strike 0-1: Foul Ball, location: 2F 0-2: Strikes out swinging
|
Top of the 1st over - 0 run(s), 0 hit(s), 0 error(s), 0 left on base; Beaverton 0 - Nashua 0 |
BOTTOM OF THE 1ST |
Nashua Redlegs batting - Pitching for Beaverton Bronze Souls : RHP Roberto Deleón
|
Pitching: RHP Roberto Deleón
|
|
Batting: RHB Jason Fuller
|
0-0: Ball 1-0: Swinging Strike 1-1: Swinging Strike 1-2: Strikes out looking
|
Batting: RHB Kyle Mann
|
0-0: Foul Ball, location: 2F 0-1: Ball 1-1: Ball 2-1: Ball 3-1: Called Strike 3-2: Strikes out looking
|
Batting: LHB Bob Campbell
|
0-0: Ball 1-0: Ball 2-0: Reached via error on a dropped throw, E3
|
Batting: RHB Jorge Valenzuela
|
0-0: Called Strike 0-1: Ball 1-1: Ball 2-1: Ball 3-1: Base on Balls Bob Campbell to second
|
Batting: RHB Eleuterio Supardo
|
0-0: Foul Ball, location: 2F 0-1: Called Strike 0-2: Foul Ball, location: 2F 0-2: Ground out U3 (Groundball, 3)
|
Bottom of the 1st over - 0 run(s), 0 hit(s), 1 error(s), 2 left on base; Beaverton 0 - Nashua 0 |
TOP OF THE 2ND |
Beaverton Bronze Souls batting - Pitching for Nashua Redlegs : RHP Ronnie Jefferson
|
Batting: RHB Michael Fisher
|
0-0: Ball 1-0: Swinging Strike 1-1: SINGLE (Flyball, 8LS)
|
Batting: RHB Vincente López
|
0-0: Called Strike 0-1: Called Strike 0-2: Ball 1-2: Strikes out swinging
|
Batting: LHB Gabriel Aguilera
|
0-0: Ball 1-0: Swinging Strike 1-1: Foul Ball, location: 2F 1-2: Strikes out swinging
|
Batting: RHB Nathan Smith
|
0-0: Swinging Strike 0-1: Ball 1-1: SINGLE (Line Drive, 7S) Michael Fisher to second
|
Batting: RHB José Dávila
|
0-0: Called Strike 0-1: Foul Ball, location: 2F 0-2: Ball 1-2: Ball 2-2: Ball 3-2: Fly out, F8 (Flyball, 8RM)
|
Top of the 2nd over - 0 run(s), 2 hit(s), 0 error(s), 2 left on base; Beaverton 0 - Nashua 0 |
BOTTOM OF THE 2ND |
Nashua Redlegs batting - Pitching for Beaverton Bronze Souls : RHP Roberto Deleón
|
Batting: LHB Alonso Carbajal
|
0-0: Ball 1-0: Ball 2-0: Foul Ball, location: 2F 2-1: Ball 3-1: Foul Ball, location: 2F 3-2: Foul Ball, location: 2F 3-2: Strikes out swinging
|
Batting: RHB William Rogers
|
0-0: Called Strike 0-1: Called Strike 0-2: Foul Ball, location: 2F 0-2: Ball 1-2: Ball 2-2: Strikes out swinging
|
Batting: RHB Dave Warren
|
0-0: Ball 1-0: Foul Ball, location: 2F 1-1: Foul Ball, location: 2F 1-2: SINGLE (Groundball, 6D)
|
Batting: RHB Ian Howard
|
0-0: Called Strike Dave Warren is caught stealing 2nd base
|
Bottom of the 2nd over - 0 run(s), 1 hit(s), 0 error(s), 0 left on base; Beaverton 0 - Nashua 0 |
TOP OF THE 3RD |
Beaverton Bronze Souls batting - Pitching for Nashua Redlegs : RHP Ronnie Jefferson
|
Batting: RHB Vernon Harris
|
0-0: Ball 1-0: SINGLE (Line Drive, 7LS)
|
Batting: RHB Rubén Ramírez
|
0-0: Ball 1-0: Ball 2-0: Called Strike 2-1: Called Strike 2-2: Ball 3-2: Fly out, F4 (Popup, 34)
|
Batting: RHB Ed Nygaard
|
0-0: Foul Ball, location: 2F 0-1: Foul Ball, location: 2F 0-2: Strikes out swinging
|
Batting: LHB Balduíno Bruschy
|
0-0: Called Strike Vernon Harris steals 2nd base 0-1: Ball 1-1: Swinging Strike 1-2: Ground out 5-3 (Groundball, 56S)
|
Top of the 3rd over - 0 run(s), 1 hit(s), 0 error(s), 1 left on base; Beaverton 0 - Nashua 0 |
BOTTOM OF THE 3RD |
Nashua Redlegs batting - Pitching for Beaverton Bronze Souls : RHP Roberto Deleón
|
Batting: RHB Ian Howard
|
0-0: SINGLE (Line Drive, 4)
|
Batting: RHB Jason Fuller
|
0-0: Ball 1-0: Ball 2-0: Swinging Strike 2-1: SINGLE (Flyball, 8LS) Ian Howard to second
|
Batting: RHB Kyle Mann
|
0-0: Called Strike 0-1: SINGLE (Line Drive, 56D) Ian Howard to third Jason Fuller to second
|
Batting: LHB Bob Campbell
|
0-0: Foul Ball, location: 2F 0-1: Swinging Strike 0-2: Fielders Choice at 2nd, 3-6 (Groundball, 34) Ian Howard scores Jason Fuller to third
|
Batting: RHB Jorge Valenzuela
|
0-0: Called Strike Bob Campbell is caught stealing 2nd base 0-1: Ball 1-1: Ground out 5-3 (Groundball, 56S)
|
Bottom of the 3rd over - 1 run(s), 3 hit(s), 0 error(s), 1 left on base; Beaverton 0 - Nashua 1 |
TOP OF THE 4TH |
Beaverton Bronze Souls batting - Pitching for Nashua Redlegs : RHP Ronnie Jefferson
|
Batting: RHB Michael Fisher
|
0-0: Ball 1-0: Swinging Strike 1-1: Ground out 5-3 (Groundball, 56)
|
Batting: RHB Vincente López
|
0-0: Swinging Strike 0-1: Foul Ball, location: 2F 0-2: Strikes out swinging
|
Batting: LHB Gabriel Aguilera
|
0-0: Ball 1-0: Fly out, F6 (Popup, 6)
|
Top of the 4th over - 0 run(s), 0 hit(s), 0 error(s), 0 left on base; Beaverton 0 - Nashua 1 |
BOTTOM OF THE 4TH |
Nashua Redlegs batting - Pitching for Beaverton Bronze Souls : RHP Roberto Deleón
|
Batting: RHB Eleuterio Supardo
|
0-0: Called Strike 0-1: SOLO HOME RUN (Flyball, 7D), Distance : 354 ft
|
Batting: LHB Alonso Carbajal
|
0-0: Foul Ball, location: 2F 0-1: Ground out 4-3 (Groundball, 4)
|
Batting: RHB William Rogers
|
0-0: Called Strike 0-1: Ball 1-1: Ball 2-1: Swinging Strike 2-2: Ground out 5-3 (Groundball, 5L)
|
Batting: RHB Dave Warren
|
0-0: Called Strike 0-1: Foul Ball, location: 2F 0-2: Ball 1-2: Foul Ball, location: 2F 1-2: Ball 2-2: Ball 3-2: Base on Balls
|
Batting: RHB Ian Howard
|
0-0: Ball 1-0: Ball 2-0: Called Strike 2-1: Called Strike 2-2: Foul Ball, location: 2F 2-2: Foul Ball, location: 2F 2-2: Ball 3-2: Strikes out looking
|
Bottom of the 4th over - 1 run(s), 1 hit(s), 0 error(s), 1 left on base; Beaverton 0 - Nashua 2 |
TOP OF THE 5TH |
Beaverton Bronze Souls batting - Pitching for Nashua Redlegs : RHP Ronnie Jefferson
|
Batting: RHB Nathan Smith
|
0-0: Ball 1-0: Ball 2-0: Ball 3-0: Base on Balls
|
Batting: RHB José Dávila
|
0-0: Called Strike 0-1: Ball 1-1: Called Strike 1-2: Strikes out looking
|
Batting: RHB Vernon Harris
|
0-0: Ball 1-0: Called Strike 1-1: Ball 2-1: Called Strike 2-2: DOUBLE (Flyball, 8LD) Nathan Smith to third Runner from 3rd tries for Home, SAFE, no throw
|
Batting: RHB Rubén Ramírez
|
0-0: Called Strike 0-1: Ground out 4-3 (Groundball, 4) Vernon Harris to third
|
Batting: RHB Ed Nygaard
|
0-0: Called Strike 0-1: Ball Passed Ball! Vernon Harris scores 1-1: Ball 2-1: Ball 3-1: Fly out, F2 (Popup, 56S)
|
Top of the 5th over - 2 run(s), 1 hit(s), 0 error(s), 0 left on base; Beaverton 2 - Nashua 2 |
BOTTOM OF THE 5TH |
Nashua Redlegs batting - Pitching for Beaverton Bronze Souls : RHP Roberto Deleón
|
Batting: RHB Jason Fuller
|
0-0: Ball 1-0: Called Strike 1-1: Fly out, F7 (Flyball, 7)
|
Batting: RHB Kyle Mann
|
0-0: Ball 1-0: Swinging Strike 1-1: Swinging Strike 1-2: Foul Ball, location: 2F 1-2: Foul Ball, location: 2F 1-2: Ball 2-2: Strikes out swinging
|
Batting: LHB Bob Campbell
|
0-0: Called Strike 0-1: SINGLE (Groundball, 23) (infield hit)
|
Pitching: RHP Marcos Reyes
|
|
Batting: RHB Jorge Valenzuela
|
0-0: Swinging Strike 0-1: Ball 1-1: Ball 2-1: Ball 3-1: Ground out 5-3 (Groundball, 56S)
|
Bottom of the 5th over - 0 run(s), 1 hit(s), 0 error(s), 1 left on base; Beaverton 2 - Nashua 2 |
TOP OF THE 6TH |
Beaverton Bronze Souls batting - Pitching for Nashua Redlegs : RHP Ronnie Jefferson
|
Batting: LHB Balduíno Bruschy
|
0-0: Ball 1-0: Foul Ball, location: 2F 1-1: Ball 2-1: Ball 3-1: Swinging Strike 3-2: Foul Ball, location: 2F 3-2: Strikes out swinging
|
Batting: RHB Michael Fisher
|
0-0: Ball 1-0: Swinging Strike 1-1: Ball 2-1: Foul Ball, location: 2F 2-2: Ball 3-2: Foul Ball, location: 2F 3-2: Base on Balls
|
Pitching: RHP Jason Spencer
|
|
Batting: RHB Vincente López
|
0-0: Called Strike 0-1: Fly out, F9 (Flyball, 9S)
|
Batting: LHB Gabriel Aguilera
|
0-0: SINGLE (Line Drive, 8LS) Michael Fisher to second
|
Batting: RHB Nathan Smith
|
0-0: Ball 1-0: Ball 2-0: Swinging Strike 2-1: Ball 3-1: Base on Balls Michael Fisher to third Gabriel Aguilera to second
|
Batting: RHB José Dávila
|
0-0: Fly out, F8 (Flyball, 8LS)
|
Top of the 6th over - 0 run(s), 1 hit(s), 0 error(s), 3 left on base; Beaverton 2 - Nashua 2 |
BOTTOM OF THE 6TH |
Nashua Redlegs batting - Pitching for Beaverton Bronze Souls : RHP Marcos Reyes
|
Batting: RHB Eleuterio Supardo
|
0-0: Ball 1-0: Foul Ball, location: 2F 1-1: Ball 2-1: Ground out 4-3 (Groundball, 4)
|
Batting: LHB Alonso Carbajal
|
0-0: Ball 1-0: Ball 2-0: Called Strike 2-1: SINGLE (Flyball, 7LS)
|
Batting: RHB William Rogers
|
0-0: Foul Ball, location: 2F 0-1: Grounds into double play, 4-6-3 (Groundball, 4)
|
Bottom of the 6th over - 0 run(s), 1 hit(s), 0 error(s), 0 left on base; Beaverton 2 - Nashua 2 |
TOP OF THE 7TH |
Beaverton Bronze Souls batting - Pitching for Nashua Redlegs : RHP Jason Spencer
|
Pinch Hitting: LHB Juan Palácios
|
0-0: Ball 1-0: Foul Ball, location: 2F 1-1: Swinging Strike 1-2: Ball 2-2: Ball 3-2: Strikes out swinging
|
Batting: RHB Rubén Ramírez
|
0-0: Swinging Strike 0-1: Swinging Strike 0-2: Ball 1-2: Ball 2-2: Ball 3-2: Fly out, F7 (Flyball, 78M)
|
Pinch Hitting: RHB Joe Brinkman
|
0-0: Ball 1-0: Foul Ball, location: 2F 1-1: Ball 2-1: Foul Ball, location: 2F 2-2: Strikes out swinging
|
Top of the 7th over - 0 run(s), 0 hit(s), 0 error(s), 0 left on base; Beaverton 2 - Nashua 2 |
BOTTOM OF THE 7TH |
Nashua Redlegs batting - Pitching for Beaverton Bronze Souls : RHP Marcos Reyes
|
Now at 3B: Joe Brinkman
|
|
Now in RF: Juan Palácios
|
|
Pinch Hitting: LHB Derrek Robinson
|
0-0: Called Strike 0-1: Foul Ball, location: 2F 0-2: Ball 1-2: Strikes out swinging
|
Batting: RHB Ian Howard
|
0-0: Ball 1-0: Ball 2-0: Ball 3-0: Base on Balls
|
Pinch Hitting: RHB Joe Noble
|
0-0: Ball 1-0: Grounds into double play, 6-4-3 (Groundball, 6)
|
Bottom of the 7th over - 0 run(s), 0 hit(s), 0 error(s), 0 left on base; Beaverton 2 - Nashua 2 |
TOP OF THE 8TH |
Beaverton Bronze Souls batting - Pitching for Nashua Redlegs : RHP Jason Spencer
|
Now at 3B: Spencer Pritchett
|
|
Now in CF: Derrek Robinson
|
|
Batting: LHB Balduíno Bruschy
|
0-0: Ground out 4-3 (Groundball, 4)
|
Batting: RHB Michael Fisher
|
0-0: Ball 1-0: Ground out 5-3 (Groundball, 56S)
|
Pinch Hitting: RHB Ed Fuhrman
|
0-0: Called Strike 0-1: Foul Ball, location: 2F 0-2: Strikes out swinging
|
Top of the 8th over - 0 run(s), 0 hit(s), 0 error(s), 0 left on base; Beaverton 2 - Nashua 2 |
BOTTOM OF THE 8TH |
Nashua Redlegs batting - Pitching for Beaverton Bronze Souls : RHP Marcos Reyes
|
Now in LF: José Fernández
|
|
Pinch Hitting: RHB Currito Campos
|
0-0: Swinging Strike 0-1: Swinging Strike 0-2: Foul Ball, location: 2F 0-2: Foul Ball, location: 2F 0-2: Strikes out swinging
|
Batting: LHB Bob Campbell
|
0-0: Ball 1-0: Ball 2-0: Ball 3-0: Called Strike 3-1: Base on Balls
|
Pinch Hitting: RHB Juan Reyes
|
0-0: Foul Ball, location: 2F 0-1: Fly out, F9 (Flyball, 9)
|
Batting: RHB Eleuterio Supardo
|
0-0: Swinging Strike 0-1: Ball 1-1: Fielders Choice at 2nd, 4-6 (Groundball, 4)
|
Bottom of the 8th over - 0 run(s), 0 hit(s), 0 error(s), 0 left on base; Beaverton 2 - Nashua 2 |
TOP OF THE 9TH |
Beaverton Bronze Souls batting - Pitching for Nashua Redlegs : RHP Jason Spencer
|
Pitching: RHP Wayne Williams
|
|
Now at 2B: Jason Patrick
|
|
Now in RF: Alan Evans
|
|
Pinch Hitting: LHB Rodrigo Pérez
|
0-0: Ball 1-0: Foul Ball, location: 2F 1-1: SINGLE (Groundball, 56D)
|
Batting: RHB Nathan Smith
|
0-0: Sac Bunt - play at first, batter OUT! U3 Rodrigo Pérez to second
|
Batting: RHB José Dávila
|
0-0: Called Strike 0-1: Foul Ball, location: 2F 0-2: Ball 1-2: Ball 2-2: Foul Ball, location: 2F 2-2: Strikes out swinging
|
Batting: LHB Juan Palácios
|
0-0: Ground out 6-3 (Groundball, 6)
|
Top of the 9th over - 0 run(s), 1 hit(s), 0 error(s), 1 left on base; Beaverton 2 - Nashua 2 |
BOTTOM OF THE 9TH |
Nashua Redlegs batting - Pitching for Beaverton Bronze Souls : RHP Marcos Reyes
|
Now at C: José López
|
|
Batting: LHB Alonso Carbajal
|
0-0: Ball 1-0: Ball 2-0: Ball 3-0: Called Strike 3-1: Foul Ball, location: 2F 3-2: Fly out, F8 (Line Drive, 8LM)
|
Batting: RHB William Rogers
|
0-0: Ball 1-0: Ball 2-0: Ground out 4-3 (Groundball, 4M)
|
Batting: LHB Derrek Robinson
|
0-0: Called Strike 0-1: SINGLE (Line Drive, 4MD)
|
Pitching: LHP Lorenzo Guzmán
|
|
Batting: RHB Ian Howard
|
0-0: Ball 1-0: Swinging Strike 1-1: Ball 2-1: SINGLE (Groundball, 34) (infield hit) Derrek Robinson to second
|
Batting: RHB Spencer Pritchett
|
0-0: Foul Ball, location: 2F 0-1: Called Strike 0-2: Ball 1-2: Foul Ball, location: 2F 1-2: SINGLE (Groundball, 6MD) Derrek Robinson to third Ian Howard to second Runner from 3rd tries for Home, SAFE, no throw
|
Tuesday, August 8th, 2017 - OOTP Baseball 17.12 Build 75
|
|